 Dungeon Crawl Stone Soup version 0.19.5 (webtiles) character file.

527 tidbits the Ducker (level 7, -7/50 HPs)
             Began as a High Elf Assassin on Dec 12, 2017.
             Killed by divine providence
             ... invoked by an orc priest
              (17 damage)
             ... on level 5 of the Dungeon.
             The game lasted 00:12:39 (1934 turns).

tidbits the Ducker (High Elf Assassin)              Turns: 1934, Time: 00:12:40

Health: -7/50      AC:  5    Str: 12    XL:     7   Next: 2%
Magic:  8/8        EV: 22    Int: 15    God:
Gold:   49         SH:  0    Dex: 22    Spells: 0 memorised, 6 levels left

rFire  . . .     SeeInvis .     a - +1 dagger (freeze)
rCold  . . .     Gourm    .     c - +0 robe
rNeg   . . .     Faith    .     (no shield)
rPois  .         Spirit   .     (no helmet)
rElec  .         Reflect  .     d - +0 cloak
rCorr  .         Harm     .     G - +0 pair of gloves
MR     .....                    s - +0 pair of boots
Stlth  ++++......               (no amulet)
                                (no ring)
                                (no ring)

@: agile, very slightly contaminated
A: no striking features
a: no special abilities


You were on level 5 of the Dungeon.
You were not hungry.

You visited 1 branch of the dungeon, and saw 5 of its levels.

You collected 217 gold pieces.
You spent 168 gold pieces at shops.

Inventory:

Hand Weapons
 a - a +1 dagger of freezing (weapon)
   (You took it off a kobold on level 1 of the Dungeon)
 b - a +0 blowgun
 f - a +2 dagger
 n - a +0 rapier
   (You found it on level 2 of the Dungeon)
 p - a +0 hunting sling
   (You found it on level 1 of the Dungeon)
 z - a +0 shortbow
   (You took it off a centaur on level 5 of the Dungeon)
Missiles
 e - 7 poisoned needles
 y - 18 arrows
Armour
 c - a +0 robe (worn)
 d - a +0 cloak (worn)
 m - a +0 ring mail
   (You took it off an orc on level 5 of the Dungeon)
 s - a +0 pair of boots (worn)
   (You found it on level 3 of the Dungeon)
 G - a +0 pair of gloves (worn)
   (You found it on level 3 of the Dungeon)
Wands
 v - a wand of slowing (3/48)
   (You found it on level 5 of the Dungeon)
Scrolls
 i - a scroll of magic mapping
 l - 2 scrolls of amnesia
 r - a scroll of random uselessness
 w - a scroll of noise
Potions
 A - a potion of curing
Comestibles
 g - 2 bread rations
 j - 2 meat rations
 k - 2 beef jerkies


   Skills:
 + Level 5.5 Fighting
 - Level 2.4 Short Blades
 - Level 2.0 Throwing
 + Level 5.8 Dodging
 - Level 4.3 Stealth


You had 6 spell levels left.
You didn't know any spells.

Dungeon Overview and Level Annotations

Branches:
Dungeon (5/15)
 Temple: D:4-7

Altars:
Elyvilon
Gozag
Hepliaklqana
Kikubaaqudgha

Shops:
D:4 !

Annotations:
D:5 Eustachio


Message History

You hit the orc. You freeze the orc.
You kill the orc!
You feel sick.
You hit the orc. You freeze the orc.
You kill the orc!
Things that are here:
a flail; an enchanted trident; an orc corpse You feel sick.
Things that are here:
a flail; a ring mail; a worker ant corpse
m - a ring mail
Okay, then.
You feel sick.
You are starting to lose your buoyancy.
You feel sick.
You float gracefully downwards.
You feel sick.
An orc comes into view. It is wielding a short sword.
You feel sick.
You are no longer poisoned.
An orc and 2 orc priests come into view.
Found 12 bolts.
As you read the scroll labeled RAAQIWESOO, it crumbles to dust.
You hear a loud clanging noise!
It was a scroll of noise.
You hear a shout! x4; You hear a loud, deep croak!
As you read the scroll labeled UKYFUPN ISEO, it crumbles to dust.
You feel blessed for a moment.
It was a scroll of remove curse.
Blink to where?
Press: ? - help, Dir - move target cursor
As you read the scroll labeled KUNKEILYTOM, it crumbles to dust.
It was a scroll of blinking.
Your extra speed is starting to run out.
You feel yourself slow down.
You feel a little less agile now.
Things that are here:
a flail; a worker ant corpse
Things that are here:
a flail; an enchanted trident; an orc corpse You open the door.
There is an open door here.
There is an open door here.
The orc shouts!
There is an open door here.
Okay, then.
You close the door.
You feel agile all of a sudden.
An orc opens the door.
A giant cockroach comes into view.
The orc barely misses you.
There is an open door here.
You closely miss the orc. The orc barely misses you.
You closely miss the orc. The orc hits you but does no damage.
The orc shouts!
You hit the orc but do no damage. The orc misses you.
You hit the orc. You freeze the orc.
The orc is moderately wounded.
The orc barely misses you.
Okay, then.
Evoke which item? (* to show all) (? for menu, Esc to quit)
Zapping:
v - a wand of slowing {zapped: 15} (will waste charges)
Press: ? - help, Shift-Dir - straight line, f - orc
Aim: an orc, wielding a short sword (moderately wounded, chance to defeat MR: 69%)
The orc seems to slow down.
Evoking this partially-identified wand wasted a few charges.
You closely miss the orc.
The orc is moderately wounded.
The orc completely misses you.
You hit the orc. You freeze the orc.
The orc is severely wounded.
You hit the orc. You freeze the orc.
You kill the orc!
The orc priest mumbles some strange prayers to Beogh against you.
Pain shoots through your body!
* * * LOW HITPOINT WARNING * * *
Wield which item (- for none, * to show all)? (? for menu, Esc to quit)
Your +1 dagger of freezing stops glowing.
b - a +0 blowgun (weapon)
Fire/throw which item? (* to show all) (? for menu, Esc to quit)
Press: ? - help, Shift-Dir - straight line, f - orc priest
Aim: an orc priest, wielding a dagger You shoot a curare-tipped needle.
The curare-tipped needle hits the orc priest.
The orc priest is poisoned.
The orc priest convulses.
The orc priest seems to slow down.
The orc priest is moderately wounded.
Wield which item (- for none, * to show all)? (? for menu, Esc to quit)
Your +1 dagger of freezing glows with a cold blue light!
a - a +1 dagger of freezing (weapon)
The orc priest closely misses you.
You hit the orc priest. You freeze the orc priest.
The orc priest is severely wounded.
You barely miss the orc priest.
The orc priest is almost dead.
The orc priest completely misses you.
You hit the orc priest. You freeze the orc priest.
You kill the orc priest!
You have reached level 7!
The orc priest calls down the wrath of Beogh upon you.
Beogh smites you!
You die...

#o# #..##..#a.# #.#
#..#.#.#..# ...
##......#..# ..o
+.[...>..>.. #o..#
####....#### #..##
##.#.# #o## #####
###.# #...# #.#
##@## #.# #)# #.#
#s# #.# ##o## #.#
####.o.##########.#
...................#
##.o#...#.##########
#..##.##.# #. #.##.#


You could see an orc priest, an orc and a giant cockroach.

Vanquished Creatures
  Edmund (D:4)
  A centaur (D:5)
  A scorpion (D:4)
  A howler monkey (D:5)
  A crimson imp (D:5)
  An orc priest (D:5)
  4 worker ants
  A hound zombie (D:5)
  An ooze (D:2)
  2 dart slugs
  7 orcs
  A giant cockroach (D:1)
  8 goblins
  7 hobgoblins
  5 jackals
  A quokka (D:3)
  3 ball pythons
  9 bats
  3 frilled lizards
  7 kobolds
  8 rats
73 creatures vanquished.

Notes
Turn   | Place    | Note
-------+----------+-------------------------------------------
     0 | D:1      | tidbits the High Elf Assassin began the quest for the Orb.
     0 | D:1      | Reached XP level 1. HP: 14/14 MP: 2/2
   116 | D:1      | Reached XP level 2. HP: 12/20 MP: 3/3
   142 | D:1      | Reached skill level 2 in Dodging
   350 | D:1      | Reached XP level 3. HP: 5/25 MP: 4/4
   722 | D:2      | Reached skill level 3 in Fighting
   906 | D:3      | Reached skill level 3 in Dodging
   906 | D:3      | Reached XP level 4. HP: 29/31 MP: 5/5
  1187 | D:4      | Reached skill level 4 in Fighting
  1187 | D:4      | Reached skill level 4 in Dodging
  1187 | D:4      | Reached XP level 5. HP: 37/37 MP: 6/6
  1222 | D:4      | Found Siefeucu's Distillery.
  1227 | D:4      | Bought a potion of might for 56 gold pieces
  1227 | D:4      | Bought a potion of heal wounds for 70 gold pieces
  1227 | D:4      | Bought a potion of curing for 42 gold pieces
  1273 | D:5      | Entered Level 5 of the Dungeon
  1275 | D:5      | Found an opulent altar of Gozag.
  1276 | D:5      | Found an ancient bone altar of Kikubaaqudgha.
  1276 | D:5      | Found a white marble altar of Elyvilon.
  1286 | D:5      | Found a hazy altar of Hepliaklqana.
  1348 | D:5      | Noticed a centaur
  1400 | D:5      | Killed a centaur
  1400 | D:5      | Reached XP level 6. HP: 5/44 MP: 7/7
  1416 | D:5      | Reached skill level 5 in Dodging
  1514 | D:4      | Noticed Edmund
  1548 | D:4      | Killed Edmund
  1548 | D:4      | Reached skill level 5 in Fighting
  1764 | D:5      | Noticed Eustachio
  1934 | D:5      | Reached XP level 7. HP: 10/50 MP: 8/8
  1934 | D:5      | Killed from afar by an orc priest

Skill      XL: |  1  2  3  4  5  6 |
---------------+-------------------+-----
Dodging        | 2 3 4 5 |  5.8
Fighting       | 3 4 5 |  5.5
Short Blades   | |  2.4
Throwing       | |  2.0
Stealth        | |  4.3

Action                   |  1- 3 |  4- 6 |  7- 9 || total
-------------------------+-------+-------+-------++-------
Melee: Dagger            |   112 |   154 |       ||   266
 Fire: Blowgun           |    12 |     4 |       ||    16
Evoke: Wand              |       |     7 |       ||     7
  Use: Scroll            |     3 |     4 |       ||     7
       Potion            |       |     7 |       ||     7
 Stab: Sleeping          |     5 |     2 |       ||     7
  Eat: Chunk             |       |     1 |       ||     1
       Royal jelly       |       |     1 |       ||     1
       Pizza             |       |     1 |       ||     1
Armor: Robe              |    34 |    30 |       ||    64
Dodge: Dodged            |    77 |   106 |       ||   183

Table legend:
 A = Turns spent in this place as a percentage of turns spent in the entire game.
 B = Non-inter-level travel turns spent in this place as a percentage of non-inter-level travel turns spent in the entire game.
 C = Inter-level travel turns spent in this place as a percentage of turns spent in this place.
 D = Turns resting spent in this place as a percentage of non-inter-level travel turns spent in this place.
 E = Turns spent auto-exploring this place as a percentage of non-inter-level travel turns spent in this place.
 F = Non-inter-level travel turns spent in this place divided by the number of levels of this place that you've seen.
                   A       B       C       D       E      F
               +-------+-------+-------+-------+-------+----------------------
         Total | 100.0 | 100.0 |   0.2 |   0.0 |   0.0 | 337.4
       Dungeon | 100.0 | 100.0 |   0.2 |   0.0 |   0.0 | 337.4
               +-------+-------+-------+-------+-------+----------------------

Table legend:
 A = Kills in this place as a percentage of kills in entire the game.
 B = Kills by you in this place as a percentage of kills by you in the entire game.
 C = Kills by friends in this place as a percentage of kills by friends in the entire game.
 D = Other kills in this place as a percentage of other kills in the entire game.
 E = Experience gained in this place as a percentage of experience gained in the entire game.
 F = Experience gained in this place divided by the number of levels of this place that you have seen.
                   A       B       C       D       E      F
               +-------+-------+-------+-------+-------+----------------------
         Total | 100.0 | 100.0 |  -nan |  -nan | 100.0 | 150.6
       Dungeon | 100.0 | 100.0 |  -nan |  -nan | 100.0 | 150.6
               +-------+-------+-------+-------+-------+----------------------

Vault maps used:
D:1:      elethiomel_arrival_diamonds, item_on_display_a
D:2:      first_bread, minmay_pentomino_z4
D:4:      temple_fountains, serial_shops, shop, uniq_edmund
D:5:      marbit_many_paths, grunt_temple_overflow_open, uniq_eustachio,
          uniq_prince_ribbit1
